 Dungeon Crawl Stone Soup version 0.26.1-11-gd32895ea62 (webtiles) character file.

Game seed: 15230051346065633693

1414 Ijustatesigmund the Chopper (level 8, 0/57 HPs)
             Began as an Octopode Fighter on June 30, 2021.
             Slain by Grinder (10 damage)
             ... on level 5 of the Dungeon.
             The game lasted 00:09:43 (7124 turns).

Ijustatesigmund the Chopper (Octopode Fighter)      Turns: 7124, Time: 00:09:44

Health: 0/57       AC:  1    Str: 17    XL:     8   Next: 71%
Magic:  8/8        EV: 14    Int: 12    God:
Gold:   241        SH: 11    Dex: 18    Spells: 7/7 levels left

rFire    . . .     SeeInvis .   a - +1 war axe
rCold    . . .     Faith    .   b - +1 kite shield
rNeg     . . .     Spirit   .   (helmet restricted)
rPois    .         Reflect  .   (no amulet)
rElec    .         Harm     .   l - +6 ring of dexterity
rCorr    .         Rampage  .   (no ring)
Will     +....                  (no ring)
Stlth    ++++......             (no ring)
HPRegen  0.19/turn              (no ring)
MPRegen  0.11/turn              (no ring)
                                (no ring)
                                (no ring)

@: no status effects
A: almost no armour, stealthy swim, amphibious, 8 rings, constrict 8, camouflage
1, strong-willed 1, strong 1, gelatinous body 1
a: no special abilities


You were on level 5 of the Dungeon.
You visited 1 branch of the dungeon, and saw 5 of its levels.

You collected 241 gold pieces.

Inventory:

Hand Weapons
 a - a +1 war axe (weapon)
 e - a +3 flail of protection
Missiles
 n - 10 poisoned darts (quivered)
Armour
 b - a +1 kite shield (worn)
Jewellery
 l - a +6 ring of dexterity (left tentacle)
Wands
 p - a wand of polymorph (9)
 r - a wand of flame (9)
Scrolls
 c - a scroll of teleportation
 d - 2 scrolls of remove curse
 h - a scroll of identify
 j - a scroll of amnesia
 k - 3 scrolls of enchant weapon
Potions
 f - a potion of magic
 g - a potion of might
 i - 3 potions of haste
 m - a potion of cancellation
 o - a potion of lignification
 q - a potion of curing


   Skills:
 + Level 5.8 Fighting
 + Level 6.0 Axes
 + Level 4.5 Dodging
 - Level 4.7 Stealth
 + Level 5.8 Shields


You had 7 spell levels left.
You didn't know any spells.
Your spell library was empty.

Dungeon Overview and Level Annotations

Branches:
Dungeon (5/15)
 Temple: D:4-7

Altars:
Ashenzari
Cheibriados
Dithmenos
Kikubaaqudgha
Okawaru
Ru
Trog

Annotations:
D:4 3 runed translucent doors, Descartes's ghost, amateur FeTm
D:5 Grinder


Innate Abilities, Weirdness & Mutations

You cannot wear most types of armour.
You are very stealthy in the water. (Stealth+)
You are amphibious.
You can wear up to eight rings at the same time.
You can use your tentacles to constrict eight enemies at once.
Your skin changes colour to match your surroundings (Stealth+).
Your rubbery body absorbs attacks. (AC +1, EV +1)
You are strong-willed. (Will+)
Your muscles are strong. (Str +2)


Message History

Something tries to affect you, but you resist.
You slash the worm! You grab the worm. You squeeze the worm!
You kill the worm!
Pain shoots through your body!
You see here a worm corpse.
Something tries to affect you, but you resist.
Something tries to affect you, but you resist.
You see here a worm corpse.
You barely miss something.
You suddenly lose the ability to move!
Something hits you.
You writhe in agony.
Something hits you.
You writhe in agony.
Something hits you!
* * * LOW HITPOINT WARNING * * *
You writhe in agony.
* * * LOW HITPOINT WARNING * * *
You can move again.
You feel better. Something hits you.
* * * LOW HITPOINT WARNING * * *
You barely miss something. You squeeze something! Something hits you!
You die...

####.# #.#.######### #....####
#.#..### ### #.##....#
#......# ##.##
#.##.'#######'...# ##.#.##
#.##.#...#...#...# ##.###.## #
#.##.#.).#...#..####.## ##.##
#
#.####.......##.....#######.#
# #.# ###._.#########.......##
# #.#
#....÷..#.†@{....###...## #
#.#
#...#...#.#..##...#...#.####
#)..#...#.##.##.#.....##..).
#.'#######'.##.##.#...#.#.####
#.. #....##.##.#####.......
#..# ###..##.##.......######
#.# #.##..########## #. #.#
.## # #.# .


There were no monsters in sight!

Vanquished Creatures
  Sigmund (D:2)
  Edmund (D:4)
  An ice beast (D:3)
  2 ogres (D:5)
  A scorpion (D:4)
  A howler monkey (D:4)
  A bullfrog zombie (D:5)
  2 orc priests
  A bullfrog skeleton (D:5)
  2 hounds
  5 orc wizards
  An iguana (D:4)
  Terence (D:2)
  Natasha (twice) (D:4)
  3 worker ants
  Robin (D:2)
  5 gnolls
  10 adders
  A shadow imp (D:5)
  2 adder skeletons
  A worm (D:5)
  2 leopard geckos
  18 orcs
  2 ball pythons
  5 giant cockroaches
  11 goblins
  19 hobgoblins
  8 jackals
  2 quokkas
  4 bats
  5 frilled lizards
  7 kobolds
  A rat (D:3)
129 creatures vanquished.

Vanquished Creatures (others)
  A wizard (D:4)
1 creature vanquished.

Grand Total: 130 creatures vanquished

Notes
Turn   | Place    | Note
-------+----------+-------------------------------------------
     0 | D:1      | Ijustatesigmund the Octopode Fighter began the quest for
                  | the Orb.
     0 | D:1      | Reached XP level 1. HP: 16/16 MP: 1/1
   406 | D:1      | Reached XP level 2. HP: 21/21 MP: 2/2
   682 | D:1      | Reached XP level 3. HP: 26/26 MP: 3/3
  1297 | D:2      | Found an iron altar of Okawaru.
  1424 | D:2      | Noticed Robin
  1434 | D:2      | Killed Robin
  1435 | D:2      | Reached skill level 3 in Axes
  1435 | D:2      | Reached XP level 4. HP: 12/31 MP: 4/4
  2080 | D:2      | Noticed Terence
  2089 | D:2      | Killed Terence
  2163 | D:2      | Noticed Sigmund
  2174 | D:2      | Killed Sigmund
  2175 | D:2      | Reached skill level 4 in Axes
  2175 | D:2      | Reached XP level 5. HP: 16/37 MP: 5/5
  2175 | D:2      | Reached XP level 6. HP: 19/43 MP: 6/6
  2397 | D:2      | Found a bloodstained altar of Trog.
  2417 | D:2      | Found a broken altar of Ashenzari.
  2426 | D:2      | Found a snail-covered altar of Cheibriados.
  2984 | D:3      | Found an ancient bone altar of Kikubaaqudgha.
  3473 | D:4      | Reached skill level 1 in Stealth
  4198 | D:3      | Noticed an ice beast
  4207 | D:3      | Killed an ice beast
  4208 | D:3      | Reached XP level 7. HP: 9/49 MP: 7/7
  5048 | D:3      | Gained mutation: Your muscles are strong. (Str +2) [potion
                  | of mutation]
  5048 | D:3      | Gained mutation: You are strong-willed. (Will+) [potion of
                  | mutation]
  5433 | D:4      | Noticed Natasha
  5439 | D:4      | Killed Natasha
  5443 | D:4      | Reached skill level 5 in Axes
  5455 | D:4      | Noticed Edmund
  5477 | D:4      | Killed Edmund
  5478 | D:4      | Reached skill level 5 in Fighting
  5478 | D:4      | Reached skill level 5 in Shields
  5478 | D:4      | Reached XP level 8. HP: 27/55 MP: 8/8
  5517 | D:4      | Noticed Natasha
  5531 | D:4      | Killed Natasha
  5953 | D:4      | Found a bloodstained altar of Trog.
  5956 | D:4      | Noticed a wizard
  5961 | D:4      | Killed a wizard
  6031 | D:4      | Noticed Descartes's ghost (amateur FeTm)
  6082 | D:4      | Found a runed translucent gate.
  6082 | D:4      | Found a runed translucent gate.
  6082 | D:4      | Found a runed translucent gate.
  6197 | D:4      | Found a shadowy altar of Dithmenos.
  6271 | D:5      | Entered Level 5 of the Dungeon
  6666 | D:5      | Found a sacrificial altar of Ru.
  6719 | D:5      | Reached skill level 6 in Axes
  7104 | D:5      | Noticed Grinder
  7120 | D:5      | Paralysed by something for 3 turns
  7124 | D:5      | Slain by Grinder

Illustrated notes

Levels and vault maps discovered:
D:1:      kilobyte_arrival_exit_the_forest, layout_rooms
D:2:      layout_basic, old_standard_altar, lightli_temple_of_fire,
          amethyst_overflow_temple_binary, uniq_robin, uniq_terence,
          uniq_sigmund
D:3:      layout_loops_corners, kiku_gazebo_garden_becter
D:4:      layout_rooms, nicolae_dithmenos_through_a_glass_darkly,
          gammafunk_ghost_split, trog_wizard, uniq_edmund, uniq_natasha
D:5:      layout_loops_ring, nicolae_ru_great_annihilating_truth, uniq_grinder

Skill      XL: |  1  2  3  4  5  6  7  8 |
---------------+-------------------------+-----
Axes           | 3 4 5 6 |  6.0
Fighting       | 4 5 |  5.8
Dodging        | 4 |  4.5
Shields        | 4 5 |  5.8
Stealth        | 2 4 |  4.7

Action                   |  1- 3 |  4- 6 |  7- 9 || total
-------------------------+-------+-------+-------++-------
Melee: War axe           |    55 |    90 |   127 ||   272
       Constrict         |    15 |    23 |    27 ||    65
       Tentacles         |     8 |    13 |    22 ||    43
Throw: Dart              |       |       |    11 ||    11
  Use: Scroll            |     4 |     5 |     6 ||    15
       Potion            |     2 |     3 |     6 ||    11
 Stab: Sleeping          |     6 |     6 |     7 ||    19
       Invisible         |       |       |     3 ||     3
       Paralysed         |       |       |     1 ||     1
Armor: Skin              |     4 |     6 |    54 ||    64
Dodge: Dodged            |    30 |    37 |    37 ||   104
Block: Kite shield       |    18 |    45 |    64 ||   127
